Map: Luxuriance EC (Void)

Players

Florencio - Winner!

  • Race: Protoss Protoss
  • League: Diamond
  • Spawn Location: 7:00

GoogleChrome

  • Race: Zerg Zerg
  • League: Diamond
  • Spawn Location: 1:00

VOD

Have the link to the VOD?

Description

Time

  • Played on: Dec. 17, 2016, 4:40 p.m.
  • Length: 24:48
Show
View Real Time Build Order
Export as new Build Order

Florencio Protoss - Winner!

Build Orders:  

Get SALT Encoding   

  12  0:01  Probe (Chrono Boost)  
  13  0:11  Probe (Chrono Boost)  
  14  0:24  Pylon  
  14  0:27  Probe (Chrono Boost)  
  15  0:42  Probe (Chrono Boost)  
  16  0:46  Gateway  
  16  0:50  Gateway  
  16  0:53  Probe (Chrono Boost)  
  17  1:00  Pylon  
  17  1:07  Probe (Chrono Boost)  
  18  1:17  Probe (Chrono Boost)  
  19  1:28  Probe (Chrono Boost)  
  20  1:35  Forge  
  20  1:37  Zealot x2  
  24  1:42  Probe (Chrono Boost)  
  24  1:45  Assimilator  
  25  1:52  Probe (Chrono Boost)  
  26  2:00  Pylon  
  26  2:03  Probe (Chrono Boost)  
  26  2:04  Zealot x2  
  31  2:29  Nexus  
  31  2:41  Assimilator  
  31  2:42  Probe (Chrono Boost)  
  32  2:45  Zealot  
  32  2:46  Zealot  
  36  2:52  Protoss Ground Weapons Level 1  
  36  2:56  Probe (Chrono Boost)  
  37  3:07  Probe (Chrono Boost)  
  37  3:10  Pylon  
  38  3:17  Probe (Chrono Boost)  
  39  3:25  Pylon  
  39  3:28  Zealot x2  
  41  3:40  Photon Cannon  
  42  3:41  Probe (Chrono Boost)  
  42  3:47  Cybernetics Core  
  42  3:49  Probe (Chrono Boost)  
  42  3:52  Probe (Chrono Boost)  
  44  3:59  Zealot  
  44  4:02  Probe (Chrono Boost)  
  47  4:04  Zealot  
  49  4:12  Probe (Chrono Boost)  
  49  4:13  Probe (Chrono Boost)  
  51  4:17  Pylon  
  51  4:23  Probe (Chrono Boost)  
  53  4:25  Mothership Core (Chrono Boost)  
  53  4:27  Photon Cannon  
  54  4:52  Nexus  
  54  5:03  Photon Cannon  
  54  5:04  Pylon  
  54  5:08  Assimilator  
  54  5:16  Assimilator  
  54  5:17  Photon Cannon  
  50  5:31  Probe (Chrono Boost)  
  47  5:41  Probe (Chrono Boost)  
  38  5:58  Stargate x2  
  38  6:00  Stargate  
  38  6:02  Pylon  
  38  6:07  Probe (Chrono Boost)  
  39  6:16  Photon Cannon  
  39  6:18  Probe (Chrono Boost)  
  40  6:19  Probe (Chrono Boost)  
  40  6:22  Pylon  
  40  6:25  Probe (Chrono Boost)  
  42  6:28  Probe (Chrono Boost)  
  42  6:29  Probe (Chrono Boost)  
  42  6:31  Pylon  
  44  6:35  Probe (Chrono Boost)  
  44  6:39  Probe (Chrono Boost)  
  46  6:40  Probe (Chrono Boost)  
  46  6:42  Photon Cannon  
  46  6:43  Void Ray x2  
  55  6:48  Void Ray  
  55  6:49  Probe (Chrono Boost)  
  55  6:52  Probe (Chrono Boost)  
  61  6:55  Probe (Chrono Boost)  
  61  7:00  Probe (Chrono Boost)  
  63  7:03  Probe (Chrono Boost)  
  63  7:05  Probe (Chrono Boost)  
  65  7:10  Probe (Chrono Boost)  
  65  7:12  Photon Cannon  
  65  7:15  Fleet Beacon  
  66  7:18  Probe (Chrono Boost)  
  66  7:19  Probe (Chrono Boost)  
  68  7:27  Assimilator  
  68  7:29  Probe x2 (Chrono Boost)  
  70  7:31  Assimilator  
  64  7:50  Photon Cannon  
  64  7:52  Photon Cannon  
  64  7:53  Photon Cannon  
  64  8:03  Photon Cannon  
  64  8:07  Photon Cannon  
  64  8:09  Pylon  
  64  8:13  Mothership Core (Chrono Boost)  
  48  8:39  Photon Cannon  
  48  8:41  Photon Cannon  
  48  8:44  Photon Cannon  
  48  8:45  Probe (Chrono Boost)  
  48  8:46  Photon Cannon  
  49  8:51  Photon Cannon  
  49  8:53  Probe (Chrono Boost)  
  49  8:54  Pylon  
  49  8:55  Probe (Chrono Boost)  
  51  9:03  Probe (Chrono Boost)  
  51  9:06  Probe (Chrono Boost)  
  51  9:08  Pylon  
  45  9:13  Carrier x2  
  45  9:14  Probe (Chrono Boost)  
  45  9:16  Probe (Chrono Boost)  
  53  9:27  Probe (Chrono Boost)  
  53  9:31  Carrier  
  54  9:38  Mothership Core (Chrono Boost)  
  62  9:43  Graviton Catapult  
  62  9:45  Probe (Chrono Boost)  
  63  9:56  Probe (Chrono Boost)  
  64  10:06  Probe (Chrono Boost)  
  65  10:17  Probe (Chrono Boost)  
  66  10:27  Carrier x2  
  66  10:28  Probe (Chrono Boost)  
  67  10:31  Probe (Chrono Boost)  
  80  10:43  Probe (Chrono Boost)  
  86  10:58  Carrier  
  92  11:21  Pylon  
  92  11:23  Pylon  
  92  11:25  Pylon  
  92  11:52  Pylon  
  92  11:54  Carrier  
  92  11:55  Pylon  
  92  12:01  Pylon  
  92  12:04  Carrier  
  104  12:12  Carrier  
  110  12:48  Pylon  
  110  12:49  Pylon  
  110  13:08  Carrier  
  116  13:27  Carrier  
  116  13:30  Carrier  
  128  14:14  Pylon  
  128  14:17  Pylon  
  128  14:29  Void Ray  
  132  14:40  Stargate  
  132  14:47  Void Ray  
  132  14:55  Void Ray  
  132  14:58  Pylon  
  140  15:07  Void Ray  
  140  15:08  Pylon  
  144  15:24  Void Ray  
  144  15:33  Nexus  
  148  15:38  Void Ray  
  152  15:44  Void Ray  
  152  15:48  Void Ray  
  160  16:05  Photon Cannon  
  160  16:32  Photon Cannon  
  160  16:34  Photon Cannon  
  160  16:35  Assimilator  
  160  16:58  Void Ray  
  160  17:03  Void Ray  
  168  17:10  Assimilator  
  167  17:32  Void Ray  
  167  17:37  Void Ray  
  98  18:59  Probe (Chrono Boost)  
  99  19:08  Void Ray  
  99  19:09  Probe (Chrono Boost)  
  94  19:10  Void Ray  
  94  19:13  Void Ray x2  
  107  19:27  Forge  
  107  19:47  Gateway  
  107  20:03  Photon Cannon  
  107  20:04  Photon Cannon  
  107  20:19  Photon Cannon  
  107  21:01  Probe (Chrono Boost)  
  107  21:03  Photon Cannon  
  108  21:05  Photon Cannon  
  108  21:11  Probe (Chrono Boost)  
  109  21:22  Probe (Chrono Boost), Gateway  
  88  22:45  Probe (Chrono Boost)  
  89  22:55  Probe (Chrono Boost)  
  90  23:07  Void Ray  
  90  23:12  Void Ray  
  90  23:13  Void Ray  
Show
View Real Time Build Order
Export as new Build Order

GoogleChrome Zerg 

Build Orders: Hatch First 

Get SALT Encoding   

  12  0:01  Drone  
  13  0:08  Drone  
  14  0:17  Overlord  
  14  0:35  Drone x3  
  17  0:52  Hatchery  
  17  0:55  Drone  
  17  0:59  Drone  
  18  1:13  Spawning Pool  
  18  1:15  Drone  
  18  1:29  Drone  
  19  1:37  Drone  
  20  1:52  Overlord  
  20  1:54  Hatchery  
  20  2:01  Queen  
  19  2:05  Queen  
  23  2:15  Zergling x2  
  24  2:31  Drone x6  
  30  2:37  Roach Warren  
  30  2:42  Spine Crawler  
  28  2:47  Spine Crawler  
  27  2:54  Zergling x4  
  27  2:55  Zergling x2  
  30  3:00  Extractor  
  30  3:02  Extractor  
  28  3:09  Queen  
  28  3:11  Zergling x4  
  32  3:20  Zergling x2  
  32  3:21  Zergling x4  
  34  3:35  Queen x2  
  38  3:44  Drone x2  
  38  3:45  Drone  
  41  3:49  Drone  
  42  4:14  Overlord x3  
  42  4:26  Metabolic Boost  
  42  4:35  Roach  
  44  4:44  Overlord  
  44  4:46  Drone x6  
  44  4:47  Drone x4  
  54  4:57  Lair  
  54  4:59  Drone  
  55  5:08  Roach x2  
  54  5:29  Roach x3  
  54  5:30  Roach x3  
  63  5:54  Extractor  
  63  5:55  Extractor  
  63  5:56  Baneling Nest  
  63  5:57  Drone x3  
  62  5:58  Drone x3  
  62  5:59  Drone x3  
  62  6:01  Ravager  
  70  6:04  Ravager  
  71  6:27  Drone x2  
  71  6:28  Drone  
  71  6:30  Overlord x4  
  74  6:38  Evolution Chamber  
  73  6:40  Evolution Chamber, Drone x2  
  73  6:41  Centrifical Hooks  
  74  6:55  Zergling x2  
  74  6:56  Zergling x28  
  89  7:08  Drone  
  89  7:09  Drone x2  
  91  7:22  Zerg Ground Armor Level 1, Zerg Melee Weapons Level 1  
  88  7:37  Zergling x10  
  88  7:38  Zergling x18  
  98  7:51  Queen x2  
  98  7:57  Hydralisk Den  
  95  8:24  Zergling x10  
  95  8:25  Zergling x12  
  84  8:46  Muscular Augments  
  84  8:53  Hatchery  
  83  8:56  Zergling x2  
  83  8:57  Zergling x6  
  83  8:59  Hydralisk x2  
  88  9:12  Hatchery  
  77  9:27  Zergling x8  
  77  9:28  Zergling x8  
  81  9:35  Zerg Missile Weapons Level 1, Zerg Melee Weapons Level 2  
  81  9:43  Drone x3  
  84  9:49  Hatchery  
  84  9:51  Hatchery  
  82  10:02  Zergling x2  
  82  10:03  Zergling x16  
  91  10:12  Baneling x5  
  91  10:13  Baneling  
  91  10:18  Drone x5  
  92  10:25  Queen, Drone  
  87  10:45  Drone  
  87  10:46  Drone x11  
  99  10:51  Drone  
  99  10:54  Drone  
  101  11:01  Hydralisk x4  
  109  11:05  Overlord  
  109  11:10  Overseer, Infestation Pit  
  108  11:19  Drone x3  
  108  11:20  Drone  
  108  11:21  Extractor, Overlord x2  
  108  11:22  Extractor  
  110  11:28  Drone x3  
  110  11:29  Drone x3  
  116  11:33  Zerg Ground Armor Level 2  
  116  11:43  Spire  
  115  11:52  Hydralisk  
  115  11:53  Hydralisk x7  
  122  12:04  Spire  
  121  12:19  Queen  
  123  12:26  Extractor, Hatchery  
  123  12:27  Extractor  
  120  12:35  Hydralisk  
  120  12:36  Hydralisk x4  
  130  12:38  Overlord x2  
  130  12:39  Overlord x2  
  130  12:41  Overlord  
  130  12:45  Hive  
  130  12:57  Corruptor  
  130  12:58  Corruptor x6  
  124  13:01  Corruptor  
  138  13:18  Corruptor  
  140  13:24  Overlord x3  
  140  13:26  Zerg Flyer Weapons Level 1  
  140  13:27  Zerg Flyer Armor Level 1  
  140  13:44  Corruptor, Hydralisk  
  140  13:45  Corruptor x3  
  139  13:59  Drone x4  
  139  14:00  Drone  
  144  14:05  Extractor  
  143  14:16  Hatchery  
  142  14:26  Drone x5  
  142  14:27  Hatchery  
  142  14:29  Drone x2  
  148  14:36  Zerg Missile Weapons Level 2  
  148  14:54  Corruptor  
  148  14:55  Corruptor x3  
  156  15:05  Adrenal Glands  
  156  15:10  Overlord x3  
  156  15:17  Drone  
  157  15:22  Pneumatized Carapace, Overseer x2  
  157  15:29  Zerg Flyer Weapons Level 2  
  157  15:32  Zerg Flyer Armor Level 2  
  157  15:38  Drone x3  
  157  15:39  Drone x3  
  157  15:40  Corruptor  
  157  15:41  Corruptor  
  167  15:48  Drone  
  167  15:49  Drone x3  
  171  15:57  Zergling x18  
  172  16:04  Nydus Network  
  179  16:09  Corruptor x2  
  177  16:29  Overlord x7  
  177  16:38  Extractor x2  
  175  16:48  Zergling x20  
  175  16:49  Zergling x22  
  186  17:01  Corruptor x3  
  189  17:10  Zerg Melee Weapons Level 3  
  189  17:14  Drone x4  
  190  17:33  Viper x3  
  161  18:20  Corruptor  
  161  18:21  Corruptor x9  
  165  18:30  Corruptor  
  128  18:53  Hydralisk  
  128  18:54  Hydralisk x4  
  134  19:04  Drone x4  
  137  19:26  Hydralisk x4  
  137  19:30  Zergling x2  
  145  19:32  Zergling x2  
  144  19:45  Extractor  
  143  19:47  Extractor  
  142  20:00  Hatchery  
  141  20:12  Hatchery  
  140  20:22  Hydralisk x2  
  138  20:54  Hydralisk x4  
  138  20:55  Hydralisk x2  
  143  21:12  Hydralisk x3  
  149  21:30  Hydralisk x3  
  150  21:47  Corruptor x2  
  93  22:19  Corruptor x3  
  72  22:49  Corruptor  
  74  22:59  Hatchery, Corruptor  
  65  23:35  Corruptor x5  
Tags
 
Add a new tag
Caveats
  • Supply blocks, unpowered buildings, or Contaminate may cause inaccurate times.
  • Supply counts are checked every 10 seconds.